 Dungeon Crawl Stone Soup version 0.30-a0-799-g109b55a442 (webtiles) character file.

Game seed: 16508746216603391198

325 hikkokomori the Digger (level 6, -5/35 HPs)
             Began as a Gargoyle Earth Elementalist on Feb 20, 2023.
             Slain by Edmund
             ... wielding a +1 heavy dire flail
              (14 damage)
             ... on level 4 of the Dungeon.
             The game lasted 00:04:49 (3260 turns).

hikkokomori the Digger (GrEE)                       Turns: 3260, Time: 00:04:49

Health: -5/35      AC:  9    Str: 12    XL:     6   Next: 48%
Magic:  0/9        EV: 11    Int: 17    God:
Gold:   210        SH:  0    Dex: 10    Spells: 5/9 levels left

rFire   + . .      SeeInvis .    d - +0 flail
rCold   . . .      Faith    .    (no shield)
rNeg    + . .      Spirit   .    a - +0 robe
rPois   ∞          Reflect  .    (no helmet)
rElec   +          Harm     .    l - +0 cloak
rCorr   .          Rampage  .    v - +0 pair of gloves
Will    .....                    k - +0 pair of boots
Stlth   +++                      t - amulet of the acrobat
HPRegen 0.25/turn                m - +4 ring of slaying
MPRegen 0.11/turn                w - ring of protection from fire

@: very slightly contaminated
A: sickness immunity, AC +4, negative energy resistance 1, electricity
resistance, torment resistance 1, petrification resistance
a: no special abilities


You were on level 4 of the Dungeon.
You visited 1 branch of the dungeon, and saw 4 of its levels.

You collected 210 gold pieces.

Inventory:

Hand Weapons
 d - a +0 flail (weapon)
Armour
 a - a +0 robe (worn)
 k - a +0 pair of boots (worn)
 l - a +0 cloak (worn)
 p - an orb of light
 v - a +0 pair of gloves (worn)
Jewellery
 m - a +4 ring of slaying (left hand)
 t - an amulet of the acrobat (around neck)
 w - a ring of protection from fire (right hand)
Wands
 r - a wand of digging (5)
 u - a wand of paralysis (6)
Scrolls
 c - a scroll of vulnerability {unknown}
 e - a scroll of acquirement {unknown}
 f - a scroll of teleportation {unknown}
 g - 2 scrolls of identify {unknown}
 i - a scroll of enchant armour {unknown}
 j - a scroll of poison {unknown}
 q - a scroll of fog {unknown}
 s - a scroll of amnesia {unknown}
Potions
 b - a potion of magic
 h - a potion of haste {unknown}
 n - 2 potions of curing
 o - 2 potions of might {unknown}


   Skills:
 + Level 2.1 Fighting
 - Level 1.5 Dodging
 + Level 5.0 Stealth
 - Level 2.0 Spellcasting
 + Level 2.1 Conjurations
 - Level 0.7 Transmutations
 + Level 5.9 Earth Magic


You had 5 spell levels left.
You knew the following spells:

 Your Spells              Type           Power      Damage    Failure   Level
a - Sandblast             Erth           42%        2d11      1%          1
b - Stone Arrow           Conj/Erth      30%        3d8       11%         3

Your spell library contained the following spells:

 Spells                   Type           Power      Damage    Failure   Level
 Passwall                 Tmut/Erth      10%        N/A       8%          2
 Magic Dart               Conj           36%        1d4       9%          1
 Searing Ray              Conj           18%        2d5       12%         2
 Momentum Strike          Conj/Tloc      10%        3d8       19%         2
 Blink                    Tloc           2%         N/A       28%         2
 Lesser Beckoning         Tloc           2%         N/A       28%         2
 Petrify                  Tmut/Erth      13%        N/A       45%         4
 Fulminant Prism          Conj/Hex       2%         3d5       77%         4


Dungeon Overview and Level Annotations

Branches:
Dungeon (4/15)
 Temple: D:4-7

Altars:
Gozag

Annotations:
D:3 3 runed translucent doors, Sleet's ghost, amateur OpMo
D:4 1 transporter, Edmund


Innate Abilities, Weirdness & Mutations

You are immune to sickness and miasma.
Your stone body is resilient. (AC +4)
You are immune to poison.
You resist negative energy. (rN+)
You are resistant to electric shocks. (rElec)
You are resistant to unholy torment.
You are immune to petrification.


Message History

Aim: Edmund, wielding a +1 heavy dire flail and wearing a +0 chain mail (moderately wounded, 77% to hit)
The stone arrow hits Edmund!
Edmund is heavily wounded.
Edmund hits you with a +1 heavy dire flail!
* * * LOW HITPOINT WARNING * * *
Casting: Stone Arrow (quite dangerous; 11% risk of failure)
Confirm with . or Enter, or press ? or * to list all spells.
The spell is quite dangerous to miscast (11% risk of failure)!
Continue anyway?
Aiming: Stone Arrow (quite dangerous; 11% risk of failure)
Press: ? - help, Shift-Dir - straight line, f/p - Edmund
Aim: Edmund, wielding a +1 heavy dire flail and wearing a +0 chain mail (heavily wounded, 77% to hit)
You miscast Stone Arrow.
You are very lightly contaminated with residual magic.
You are caught in an explosion of flying shrapnel.
Edmund drinks a potion.
Edmund is healed!
Casting: Stone Arrow (quite dangerous; 11% risk of failure)
Confirm with . or Enter, or press ? or * to list all spells.
The spell is quite dangerous to miscast (11% risk of failure)!
Continue anyway?
Okay, then.
Unknown command.
You barely miss Edmund.
Edmund is heavily wounded.
Edmund closely misses you.
You thump Edmund!
Edmund is severely wounded.
Edmund hits you but does no damage.
You hit Edmund.
Edmund is severely wounded.
Edmund hits you with a +1 heavy dire flail.
* * * LOW HITPOINT WARNING * * *
Casting: Stone Arrow (quite dangerous; 11% risk of failure)
Confirm with . or Enter, or press ? or * to list all spells.
The spell is quite dangerous to miscast (11% risk of failure)!
Continue anyway?
Aiming: Stone Arrow (quite dangerous; 11% risk of failure)
Press: ? - help, Shift-Dir - straight line, f/p - Edmund
Aim: Edmund, wielding a +1 heavy dire flail and wearing a +0 chain mail (severely wounded, 77% to hit)
The stone arrow hits Edmund.
Edmund is severely wounded.
Edmund hits you with a +1 heavy dire flail!
You die...

#...####....###########.......##.
.....#......#..........[....)....
.....#......#....................
.....#......'...........>........
#'############.##....##..........
.......÷...###.########..........
...........#....#.....#.......)..
...........#....#.....#..........
...........#....@@...########+##.
...........#'####.[..# ......##.
#########......# ....# .........
# +......+ ................ #
#......# .......(........ #
#......# ................ #####
#......#####+##+########'
....#####........................
....'...#........................


You could see Edmund.

Vanquished Creatures
  An ogre (D:4)
  A jelly (D:4)
  A hound (D:4)
  An orc priest (D:4)
  Ijyb (D:4)
  An orc wizard (D:3)
  2 adders
  A worm (D:3)
  7 orcs
  6 bats
  8 endoplasms
  2 giant cockroaches
  3 goblins
  6 hobgoblins
  3 jackals (D:4)
  10 kobolds
  2 quokkas
  7 ball pythons
  2 frilled lizards
  8 rats
73 creatures vanquished.

Notes
Turn   | Place    | Note
-------+----------+-------------------------------------------
     0 | D:1      | hikkokomori the Gargoyle Earth Elementalist began the quest
                  | for the Orb.
     0 | D:1      | Reached XP level 1. HP: 10/10 MP: 3/3
   167 | D:1      | Reached XP level 2. HP: 15/15 MP: 3/5
   689 | D:1      | Reached XP level 3. HP: 19/19 MP: 4/6
  1484 | D:2      | You fall into a shaft and drop 1 floor!
  1583 | D:3      | Reached XP level 4. HP: 24/24 MP: 3/7
  1625 | D:3      | Found a faded altar of an unknown god.
  1722 | D:3      | Found a runed translucent gate.
  1723 | D:3      | Found a runed translucent gate.
  1862 | D:3      | Reached skill level 5 in Earth Magic
  1937 | D:3      | Found a runed translucent gate.
  1943 | D:3      | Found an opulent altar of Gozag.
  1944 | D:3      | Noticed Sleet's ghost (amateur OpMo)
  1945 | D:3      | Noticed an ice beast
  2567 | D:3      | Learned a level 3 spell: Stone Arrow
  2597 | D:4      | Reached XP level 5. HP: 28/28 MP: 5/8
  2675 | D:4      | Identified the +0 helmet of Ululi {Harm}
  2696 | D:4      | Found a transporter.
  2699 | D:4      | Reached skill level 1 in Fighting
  2699 | D:4      | Reached skill level 1 in Conjurations
  2777 | D:4      | Noticed Ijyb
  2788 | D:4      | Killed Ijyb
  2930 | D:4      | Reached XP level 6. HP: 22/35 MP: 1/9
  3122 | D:4      | Reached skill level 5 in Stealth
  3252 | D:4      | Noticed Edmund
  3260 | D:4      | Slain by Edmund

Illustrated notes

Levels and vault maps discovered:
D:1:      dpeg_arrival_rooms_with_view, layout_loops_ring,
          minmay_misc_feat_pillars, chequers_serial_rivers_large_a,
          chequers_serial_rivers_micro_c, st_stairs_4, grunt_decor_arrowhead
D:2:      layout_basic, basic_altar, uniq_natasha
D:3:      layout_basic, ebering_ghost_gozag, dreamdust_ecumenical_altar_grove
D:4:      gammafunk_wand_slinger, layout_gridville, lemuel_tele_altar,
          minmay_cut_off, uniq_edmund, uniq_sigmund, uniq_ijyb

Skill      XL: |  1  2  3  4  5  6 |
---------------+-------------------+-----
Earth Magic    | 4 5 |  5.9
Stealth        | 3 4 5 |  5.0
Fighting       | 1 2 |  2.1
Conjurations   | 1 2 |  2.1
Dodging        | |  1.5
Spellcasting   | |  2.0
Transmutations | |  0.7

Action                     |  1- 3 |  4- 6 || total
---------------------------+-------+-------++-------
  Melee: Flail             |     3 |    14 ||    17
   Cast: Sandblast         |    48 |    59 ||   107
         Stone Arrow       |       |     2 ||     2
   Stab: Sleeping          |       |     2 ||     2
 Armour: Robe              |     5 |    16 ||    21
  Dodge: Dodged            |     8 |    26 ||    34

Table legend: (Time is in decaauts)
 A = Elapsed time spent in this place.
 B = Non-inter-level travel time spent in this place.
 C = Inter-level travel time spent in this place.
 D = Time resting spent in this place.
 E = Time spent auto-exploring this place.
 F = Levels seen in this place.
 G = Mean time per level.
                   A        B        C        D        E       F      G
               +--------+--------+--------+--------+--------+-----+--------+
         Total |   3333 |   3223 |    110 |      4 |   2774 |   4 |  833.2 |
       Dungeon |   3333 |   3223 |    110 |      4 |   2774 |   4 |  833.2 |
               +--------+--------+--------+--------+--------+-----+--------+

Top non-repeatable levels by time:
     D:1: 1173 daAuts
     D:3: 1111 daAuts
     D:4: 702 daAuts
     D:2: 346 daAuts
